 Dungeon Crawl Stone Soup version 0.20.1-1-g8b1a95d (webtiles) character file.

200135 letownia2 the Executioner (level 18, -7/160 HPs)
             Began as a Deep Dwarf Necromancer on Nov 28, 2017.
             Was an Initiate of Gozag.
             Mangled by a spark wasp (16 damage)
             ... on level 4 of the Spider Nest.
             The game lasted 02:57:16 (44396 turns).

letownia2 the Executioner (Deep Dwarf Necromancer) Turns: 44396, Time: 02:57:17

Health: -7/160     AC: 18    Str: 18    XL:     18   Next: 26%
Magic:  31/31      EV: 17    Int: 16    God:    Gozag
Gold:   3612       SH:  0    Dex: 23    Spells: 6/35 levels left

rFire    + + .     SeeInvis +   a - +5 executioner's axe (vamp)
rCold    x . .     Gourm    .   (shield currently unavailable)
rNeg     + . .     Faith    .   Q - +0 fire dragon scales
rPois    +         Spirit   .   D - +0 hat {SInv}
rElec    .         Reflect  .   L - +1 cloak {MR+}
rCorr    +         Harm     .   O - +1 pair of gloves of Fashionability {rPois Int-2 Dex+10 Stlth+}
MR       ++++.                  v - +0 pair of boots {run}
Stlth    +.........             E - amulet of rage
Regen    0.0/turn               G - ring of resist corrosion
MPRegen  0.3/turn               U - ring "Cadock" {Wiz MR+}

@: lethally poisoned (-7 -> -7), non-regenerating, very slow
A: damage resistance, heal wounds, negative energy resistance 1, sense
surroundings 3, no regeneration
a: Heal Wounds, Potion Petition, Call Merchant, Bribe Branch, Renounce Religion,
Evoke Berserk Rage


You were on level 4 of the Spider Nest.
You worshipped Gozag.
Gozag was most pleased with you.
You were not hungry.

You visited 7 branches of the dungeon, and saw 33 of its levels.
You also visited: Labyrinth, Bailey and Ice Cave.

You collected 13403 gold pieces.
You spent 323 gold pieces at shops.
You paid 9468 gold pieces to Gozag.

Inventory:

Hand Weapons
 a - a +5 vampiric executioner's axe (weapon)
 b - a +6 executioner's axe of draining
Missiles
 N - 4 throwing nets (quivered)
Armour
 d - a scarf of resistance
 l - a +10 plate armour of ponderousness
 v - a +0 pair of boots of running (worn)
 D - a +0 hat of see invisible (worn)
 L - a +1 cloak of magic resistance (worn)
 O - the +1 pair of gloves of Fashionability (worn) {rPois Int-2 Dex+10 Stlth+}
   (You bought it in a shop on level 2 of the Lair of Beasts)

   It affects your intelligence (-2).
   It affects your dexterity (+10).
   It protects you from poison.
   It makes you more stealthy.
 Q - +0 fire dragon scales (worn)
Jewellery
 s - a +4 ring of strength
 E - an amulet of rage (around neck)
 G - a ring of resist corrosion (left hand)
 P - the ring of Velofozo {Wiz rC+}
   (You found it in a labyrinth)

   [ring of wizardry]

   It improves your spell success rate.
   It protects you from cold.
 U - the ring "Cadock" (right hand) {Wiz MR+}
   (You found it on level 1 of the Swamp)

   [ring of wizardry]

   It improves your spell success rate.
   It affects your resistance to hostile enchantments.
Wands
 k - a wand of acid (4/15)
 m - a wand of acid (10/15)
 u - a wand of iceblast (5/15)
 y - a wand of iceblast (8/15)
 F - a wand of paralysis (5/24)
 S - a wand of confusion (30/48)
 Y - a wand of digging (9/24)
Scrolls
 g - 2 scrolls of immolation
 h - 9 scrolls of teleportation
 i - 12 scrolls of identify
 p - 13 scrolls of magic mapping
 B - 9 scrolls of remove curse
 I - a scroll of summoning
 J - 11 scrolls of recharging
 R - a scroll of fear
 V - a scroll of silence
Potions
 e - 2 potions of mutation
 f - 7 potions of brilliance
 n - 4 potions of magic
 o - 6 potions of agility
 q - 6 potions of curing
 r - 5 potions of lignification
 t - 2 potions of berserk rage
 w - 10 potions of heal wounds
 x - 5 potions of invisibility
 z - 9 potions of might
 A - 3 potions of haste
 C - 10 potions of flight
 H - 6 potions of ambrosia
 K - 2 potions of resistance
 Z - a potion of cancellation
Miscellaneous
 c - a lamp of fire
 M - a box of beasts
 W - a phial of floods
 X - a lightning rod (4/4)
Comestibles
 j - a bread ration
 T - 6 meat rations


   Skills:
 - Level 10.0 Fighting
 + Level 21.4(21.5) Axes
   Level 4.5(14.2) Maces & Flails
 - Level 11.1 Armour
 - Level 9.8 Dodging
 - Level 2.4 Stealth
 - Level 9.2 Spellcasting
 - Level 3.3 Conjurations
 - Level 2.1 Hexes
 - Level 2.2 Charms
 - Level 14.5 Necromancy
 - Level 2.6 Translocations
 - Level 3.1 Fire Magic
 - Level 2.2 Air Magic
 - Level 2.4 Poison Magic
 - Level 8.9 Evocations


You had 6 spell levels left.
You knew the following spells:

 Your Spells              Type           Power        Failure   Level  Hunger
a - Pain                  Necr           ####         1%          1    None
b - Blink                 Tloc           N/A          6%          2    None
c - Conjure Flame         Conj/Fire      ###.....     10%         3    #......
d - Flame Tongue          Conj/Fire      ###..        3%          1    None
e - Mephitic Cloud        Conj/Pois/Air  ###.....     12%         3    #......
f - Inner Flame           Hex/Fire       ###.....     12%         3    #......
g - Dazzling Spray        Conj/Hex       ###...       12%         3    #......
i - Silence               Hex/Air        ##........   75%         5    #####..
s - Swiftness             Chrm/Air       ##......     8%          2    None
v - Vampiric Draining     Necr           ######....   1%          3    #......
x - Spectral Weapon       Hex/Chrm       ##......     14%         3    #......


Dungeon Overview and Level Annotations

Branches:
Dungeon (15/15)            Temple (1/1) D:5            Lair (6/6) D:11
  Swamp (3/4) Lair:4       Spider (4/4) Lair:4        Slime (0/5) Lair:5
    Orc (2/2) D:12            Elf (2/3) Orc:2        Vaults (0/5) D:14
 Depths (0/5) D:15

Altars:
Ashenzari
Cheibriados
Dithmenos
Elyvilon
Fedhas
Gozag
Hepliaklqana
Kikubaaqudgha
Makhleb
Nemelex Xobeh
Okawaru
Qazlal
Ru
Sif Muna
Trog
Uskayaw
Vehumet
Xom
Yredelemnul
Zin
The Shining One
Beogh
Jiyva

Shops:
D:4 :   D:6 (   D:8 *   Orc:2 =%[!   Lair:1 =*   Lair:2 [[[=[

Annotations:
D:4 Frank's ghost, novice OpFi
D:12 pstr's ghost, journeyman KoCj
Lair:5 1 runed door, exclusion: oklob plant
Elf:1 exclusion: dancing weapon
Elf:2 3 runed doors


Innate Abilities, Weirdness & Mutations

You are resistant to damage.
You can heal yourself by infusing magical energy.
You resist negative energy. (rN+)
You passively map a large area around you.
You do not regenerate.


Message History

Unknown command.
Unknown command.
Evoke which item? (* to show all) (? for menu, Esc to quit)
Aiming: Paralyse
Press: ? - help, Shift-Dir - straight line, f/p - spark wasp
Aim: a spark wasp (chance to defeat MR: 53%)
The spark wasp resists with significant effort.
This wand has 5 charges left.
You feel yourself speed up. The hornet closely misses you.
The spark wasp closely misses you. The hornet completely misses you.
The spark wasp completely misses you. The hornet closely misses you.
Unknown command.
Unknown command.
Unknown command.
As you read the scroll of fear, it crumbles to dust.
You assume a fearsome visage.
The spark wasp easily resists.
The hornet looks frightened!
The spark wasp stings you!!
You die...
Your body crumbles into a pile of gold.

#≈^≈### #####≈....##
###≈≈.≈.≈..≈..
######....$$##.≈##≈
#####≈≈≈#^..≈#..##≈.###
#..≈≈≈≈≈...≈#####.s≈# #
#...≈##≈....#** #..##
#.####.y.≈.## , #''# * #
###@.≈### s.##. ##.y..##
#.$. ,.., ##≈...≈# ,+...
,... #≈..≈≈#### ####*
#### ###≈..≈≈≈^.#
###########
##≈≈.≈###^.^###≈≈≈##≈^≈≈#
#≈..≈## #.##.≈..^.≈.....
#...≈### ##≈..≈.....≈#≈.
##≈.^.≈#####..≈##≈...≈##≈


You could see a spark wasp and a hornet (fleeing).

Vanquished Creatures
  Rupert (D:13)
  Gastronok (Lair:1)
  A sphinx (D:14)
  A thorn hunter (Swamp:1)
  Agnes (Elf:1)
  Kirke (Spider:4)
  Aizul (Elf:1)
  A ghost moth (Spider:4)
  3 emperor scorpions
  An entropy weaver (Spider:1)
  The ghost of Tramtrist the Unseen, a journeyman SpEn of Vehumet (Orc:1)
  6 dire elephants (Lair:6)
  A deep elf annihilator (Elf:1)
  Josephine (D:13)
  A minotaur (Lab)
  10 slime creatures
  Harold (D:12)
  A great orb of eyes (D:14)
  Erolcha (D:10)
  6 hydras
  4 vault guards (D:14)
  10 alligators
  3 catoblepae
  A centaur warrior (D:13)
  An anaconda (Lair:6)
  A death knight (D:12)
  11 two-headed ogres
  A deep troll earth mage (D:14)
  An ogre mage (D:15)
  A two-headed ogre (shapeshifter) (D:14)
  2 tengu warriors
  3 death yaks (Lair:1)
  Sonja (D:13)
  The ghost of Frank the Carver, a novice OpFi of the Shining One (Bailey)
  13 deep elf knights
  4 spriggans
  2 skeletal warriors (D:12)
  4 swamp dragons
  An unseen horror (D:15)
  9 deep elf archers
  Pikel (D:6)
  A shambling mangrove (Lair:4)
  A lindwurm (Lair:4)
  19 orb spiders
  2 necromancers
  10 orc knights
  An ugly thing (D:14)
  36 deep elf magi
  5 cyclopes
  39 wolf spiders
  2 manticores
  A salamander (shapeshifter) (Elf:2)
  17 elephants
  3 torpor snails
  4 ice statues (IceCv)
  6 black mambas
  11 spiny frogs
  5 gargoyles
  3 freezing wraiths
  7 komodo dragons
  A rime drake (Lair:6)
  An efreet (D:14)
  9 ice devils (IceCv)
  12 demonic crawlers
  5 trolls
  A queen bee (Lair:1)
  31 jumping spiders
  4 polar bears
  A tyrant leech (Swamp:1)
  5 bog bodies
  A wolf spider simulacrum (D:15)
  16 hornets
  19 blink frogs
  5 dream sheep (Lair:4)
  20 hippogriffs
  Sigmund (D:4)
  9 centaur simulacra
  2 air elementals
  A vampire (D:9)
  3 shadows
  7 wyverns
  8 wraiths
  25 tarantellas
  59 redbacks
  2 water elementals (Elf:2)
  2 hogs (Spider:4)
  30 yaks
  A hog (shapeshifter) (D:15)
  6 hungry ghosts
  5 basilisks
  A steam dragon (D:9)
  4 wargs (Orc:2)
  Menkaure (D:6)
  10 swamp worms
  12 vampire mosquitoes
  A soldier ant (D:9)
  3 acid dragons
  Duvessa (D:4)
  10 porcupines
  12 water moccasins
  5 sky beasts
  45 orc warriors
  4 slaves
  7 swamp drakes
  6 ice beasts
  11 ogres
  3 phantoms
  An eye of draining (D:15)
  15 centaurs
  11 wolves
  8 crocodiles
  2 big kobolds
  20 bullfrogs
  Blork the orc (D:5)
  4 earth elementals
  6 scorpions
  A wyvern skeleton (D:14)
  Dowan (D:4)
  36 killer bees
  2 spriggan skeletons (Lab)
  A troll skeleton (Lab)
  4 electric eels
  5 wights
  3 howler monkeys
  11 crimson imps
  5 centaur zombies
  A quasit (D:12)
  A draconian simulacrum (IceCv)
  8 hounds
  3 jellies
  Crazy Yiuf (D:6)
  4 bullfrog skeletons
  A gnoll shaman (D:6)
  23 orc priests
  3 centaur skeletons
  5 iguanas
  16 orc wizards
  13 worker ants
  3 troll simulacra (IceCv)
  6 polar bear simulacra (Lair:2)
  2 yak simulacra (Lair:2)
  A wolf simulacrum (Lair:2)
  A killer bee zombie (D:5)
  An ogre skeleton (Lab)
  A worker ant zombie (D:6)
  15 adders
  8 gnolls
  4 naga simulacra (IceCv)
  A river rat (Lair:2)
  3 shadow imps
  13 white imps (D:15)
  2 oozes (D:2)
  An adder skeleton (D:7)
  5 worms
  2 dart slugs
  8 leopard geckos
  145 orcs
  8 giant cockroaches
  10 hobgoblins
  13 jackals
  4 quokkas
  A ball python (D:6)
  3 bats
  6 frilled lizards
  6 goblins
  16 kobolds
  2 leopard gecko skeletons
  2 quokka skeletons
  A quokka zombie (D:6)
  7 rats
  2 river rat simulacra (Lair:2)
  4 fungi
  10 plants
1250 creatures vanquished.

Vanquished Creatures (collateral kills)
  A wolf spider (Spider:3)
  An orb spider (Spider:3)
  3 jumping spiders (Spider:1)
  A redback (Spider:1)
  A tarantella (Spider:3)
7 creatures vanquished.

Vanquished Creatures (others)
  5 dancing weapons
  3 orcs
  8 fungi
  12 plants
  A spectral weapon (IceCv)
  5 toadstools (Lair:4)
34 creatures vanquished.

Grand Total: 1291 creatures vanquished

Notes
Turn   | Place    | Note
-------+----------+-------------------------------------------
     0 | D:1      | letownia2 the Deep Dwarf Necromancer began the quest for the Orb.
     0 | D:1      | Reached XP level 1. HP: 15/15 MP: 3/3
   332 | D:3      | Reached XP level 2. HP: 22/22 MP: 0/5
   413 | D:3      | Reached skill level 5 in Necromancy
   563 | D:5      | Entered Level 5 of the Dungeon
   570 | D:5      | Noticed a centaur
   721 | D:4      | Noticed a scorpion
   746 | D:4      | Killed a scorpion
   746 | D:4      | Reached XP level 3. HP: 11/28 MP: 0/6
   746 | D:4      | Reached XP level 4. HP: 14/36 MP: 0/7
   751 | D:4      | Learned a level 3 spell: Vampiric Draining
  1185 | D:4      | Found a basalt altar of Yredelemnul.
  1245 | D:4      | Noticed Frank's ghost (novice OpFi)
  1276 | D:4      | Noticed Sigmund
  1412 | D:4      | Reached XP level 5. HP: 38/42 MP: 4/8
  1432 | D:4      | Noticed Duvessa
  1467 | D:4      | Killed Sigmund
  1467 | D:4      | Reached XP level 6. HP: 41/49 MP: 0/9
  1585 | D:4      | Found Kaetz's Book Shop.
  1648 | D:4      | Found a burning altar of Makhleb.
  1648 | D:4      | Found a hazy altar of Hepliaklqana.
  1676 | D:4      | Noticed Dowan
  1768 | D:4      | Found an iron altar of Okawaru.
  2012 | D:5      | Reached skill level 1 in Fighting
  2021 | D:5      | Found a glowing golden altar of the Shining One.
  2349 | D:5      | Found a staircase to the Ecumenical Temple.
  2394 | Temple   | Entered the Ecumenical Temple
  2468 | Temple   | Became a worshipper of Gozag Ym Sagoz the Greedy
  2607 | D:2      | Reached XP level 7. HP: 26/60 MP: 7/11
  2657 | D:2      | Found a snail-covered altar of Cheibriados.
  4333 | D:3      | Reached skill level 1 in Armour
  5023 | D:5      | Reached XP level 8. HP: 55/67 MP: 5/14
  5137 | D:5      | Reached skill level 1 in Evocations
  5141 | D:5      | Found a sacrificial altar of Ru.
  5225 | D:5      | Noticed Blork the orc
  5235 | D:5      | Killed Blork the orc
  5235 | D:5      | Reached skill level 5 in Spellcasting
  5653 | D:6      | You fall through a shaft for 2 floors!
  5668 | D:8      | Reached skill level 5 in Evocations
  5730 | D:8      | Gained mutation: You passively map the area around you. [Deep Dwarf growth]
  5730 | D:8      | Reached XP level 9. HP: 55/73 MP: 4/18
  5860 | D:8      | Found a sparkling altar of Nemelex Xobeh.
  5881 | D:8      | Noticed a two-headed ogre
  5901 | D:8      | Killed a two-headed ogre
  5917 | D:8      | Found a hide-covered altar of Uskayaw.
  6005 | D:8      | Found a flagged portal.
  6043 | Bailey   | Entered a bailey
  6080 | Bailey   | Noticed Frank's ghost (novice OpFi)
  6123 | Bailey   | Killed Frank's ghost
  6284 | Bailey   | Reached skill level 1 in Axes
  6698 | Bailey   | Noticed an orc knight
  6740 | Bailey   | Killed an orc knight
  6740 | Bailey   | Reached XP level 10. HP: 78/81 MP: 5/20
  6839 | Bailey   | Noticed an orc knight
  6882 | Bailey   | Killed an orc knight
  6928 | Bailey   | Noticed an orc knight
  6983 | Bailey   | Killed an orc knight
  7411 | D:7      | Found a glowing golden altar of the Shining One.
  7538 | D:6      | Found Vasmetyz's Weapon Shop.
  7542 | D:6      | Noticed Menkaure
  7550 | D:6      | Killed Menkaure
  7752 | D:4      | Killed Dowan
  7754 | D:4      | Killed Duvessa
  7975 | D:6      | Noticed Pikel
  8319 | D:7      | Found an ancient bone altar of Kikubaaqudgha.
  8545 | D:7      | Reached skill level 2 in Axes
  8765 | D:6      | Killed Pikel
  8765 | D:6      | Reached skill level 3 in Axes
  9152 | D:6      | Found a runed door.
  9156 | D:6      | Noticed Crazy Yiuf
  9159 | D:6      | Killed Crazy Yiuf
  9166 | D:6      | Got a translucent mace
  9214 | D:7      | Found a blossoming altar of Fedhas.
  9814 | D:9      | Found a deep blue altar of Sif Muna.
  9923 | D:9      | Reached skill level 4 in Axes
  9923 | D:9      | Reached XP level 11. HP: 82/87 MP: 17/24
 10090 | D:9      | Noticed a two-headed ogre
 10113 | D:9      | Killed a two-headed ogre
 10113 | D:9      | Reached skill level 5 in Armour
 10226 | D:9      | Noticed a two-headed ogre
 10240 | D:9      | Killed a two-headed ogre
 10301 | D:9      | Reached skill level 5 in Axes
 10352 | D:9      | Identified the +8 mace of Kuuroh {speed, MR+} (You found it on level 6 of the Dungeon)
 10565 | D:9      | Paralysed by a hornet for 3 turns
 11563 | D:8      | Learned a level 3 spell: Conjure Flame
 11565 | D:8      | Learned a level 1 spell: Flame Tongue
 11569 | D:8      | Learned a level 3 spell: Inner Flame
 11707 | D:10     | Entered Level 10 of the Dungeon
 11743 | D:10     | Reached skill level 6 in Axes
 11869 | D:10     | Noticed Erolcha
 11879 | D:10     | Killed Erolcha
 11879 | D:10     | Reached skill level 1 in Conjurations
 11879 | D:10     | Reached skill level 1 in Fire Magic
 12379 | D:11     | Noticed a two-headed ogre
 12466 | D:11     | Noticed a two-headed ogre
 12552 | D:11     | Killed a two-headed ogre
 12552 | D:11     | Reached skill level 5 in Fighting
 12640 | D:11     | Killed a two-headed ogre
 12813 | D:11     | Found a staircase to the Lair.
 13078 | Lair:1   | Entered Level 1 of the Lair of Beasts
 13139 | Lair:1   | Noticed a death yak
 13140 | Lair:1   | Noticed a death yak
 13141 | Lair:1   | Noticed a death yak
 13177 | Lair:1   | Found a labyrinth entrance.
 13187 | Lair:1   | Reached XP level 12. HP: 100/103 MP: 5/25
 13189 | Lab      | Entered a labyrinth
 13497 | Lab      | Reached skill level 10 in Necromancy
 13808 | Lab      | Noticed a minotaur
 13818 | Lab      | Killed a minotaur
 13848 | Lab      | Identified the Guide on Enchantment
 13866 | Lab      | Identified a +0 pair of boots of running (You found it in a labyrinth)
 13878 | Lab      | Got a twitching lead ring
 13880 | Lab      | Identified the ring of Velofozo {Wiz rC+} (You found it in a labyrinth)
 13946 | Lair:1   | Killed a death yak
 14072 | Lair:1   | Learned a level 3 spell: Spectral Weapon
 14078 | Lair:1   | Learned a level 5 spell: Silence
 14093 | Lair:1   | Noticed Gastronok
 14284 | Lair:1   | Killed a death yak
 14316 | Lair:1   | Killed a death yak
 15313 | Lair:2   | Reached skill level 7 in Axes
 15427 | Lair:2   | Noticed a four-headed hydra
 15890 | D:12     | Noticed pstr's ghost (journeyman KoCj)
 16244 | D:12     | Found a roughly hewn altar of Beogh.
 16244 | D:12     | Found a staircase to the Orcish Mines.
 16462 | D:12     | Reached XP level 13. HP: 69/110 MP: 16/26
 16473 | D:12     | Noticed Harold
 16488 | D:12     | Killed Harold
 16671 | D:12     | Reached skill level 8 in Axes
 17753 | Lair:2   | Bought a pair of ichor-stained gloves for 323 gold pieces
 17763 | Lair:2   | Identified the +1 pair of gloves of Fashionability {rPois Int-2 Dex+10 Stlth+} (You bought it in a shop on level 2 of the Lair of Beasts)
 17857 | Lair:2   | Reached skill level 9 in Axes
 18162 | D:12     | Reached skill level 10 in Axes
 18182 | Orc:1    | Entered Level 1 of the Orcish Mines
 18250 | Orc:1    | Noticed Tramtrist's ghost (journeyman SpEn)
 18277 | Orc:1    | Killed Tramtrist's ghost
 18639 | Orc:2    | Entered Level 2 of the Orcish Mines
 19186 | D:13     | Noticed Josephine
 19202 | D:13     | Killed Josephine
 19214 | D:13     | Reached skill level 5 in Dodging
 19274 | D:13     | Noticed Rupert
 19508 | D:13     | Noticed Sonja
 19519 | D:13     | Killed Sonja
 19805 | D:13     | Killed Rupert
 20367 | Lair:1   | Killed Gastronok
 20367 | Lair:1   | Reached skill level 11 in Axes
 20367 | Lair:1   | Gained mutation: You resist negative energy. (rN+) [Deep Dwarf growth]
 20367 | Lair:1   | Reached XP level 14. HP: 112/117 MP: 21/27
 21069 | Lair:4   | Found a staircase to the Swamp.
 21188 | Lair:6   | Entered Level 6 of the Lair of Beasts
 22018 | Lair:6   | Reached skill level 12 in Axes
 23000 | Orc:2    | Found a staircase to the Elven Halls.
 23253 | Orc:2    | Found a burning altar of Makhleb.
 23474 | Orc:2    | Reached skill level 13 in Axes
 23806 | Orc:2    | Found a roughly hewn altar of Beogh.
 23882 | Orc:2    | Found Wel Walub's Food Shop.
 23882 | Orc:2    | Found Voos's Antique Armour Shoppe.
 23884 | Orc:2    | Found Qutogg's Distillery.
 23886 | Orc:2    | Found Qamig's Jewellery Boutique.
 24317 | D:15     | Entered Level 15 of the Dungeon
 24544 | D:15     | Found a frozen archway.
 24561 | D:15     | Reached skill level 14 in Axes
 24623 | IceCv    | Entered an ice cave
 24777 | IceCv    | Reached skill level 1 in Hexes
 26770 | D:15     | Reached skill level 15 in Axes
 26770 | D:15     | Reached XP level 15. HP: 57/126 MP: 1/28
 27545 | D:15     | Found a staircase to the Depths.
 27874 | D:15     | Reached skill level 16 in Axes
 28196 | D:14     | Found a gate to the Vaults.
 28594 | D:14     | Noticed a sphinx
 28620 | D:14     | Killed a sphinx
 30018 | Lair:5   | Found a runed door.
 30018 | Lair:5   | Found a viscous altar of Jiyva.
 30019 | Lair:5   | Found a staircase to the Slime Pits.
 30024 | Lair:5   | Learned a level 2 spell: Blink
 30028 | Lair:5   | Learned a level 3 spell: Mephitic Cloud
 30067 | Lair:5   | Reached skill level 1 in Translocations
 30248 | Lair:6   | Reached skill level 1 in Poison Magic
 30494 | Swamp:1  | Entered Level 1 of the Swamp
 30557 | Swamp:1  | Reached skill level 1 in Charms
 30557 | Swamp:1  | Reached skill level 1 in Air Magic
 30695 | Swamp:1  | Got an ancient wooden ring
 30700 | Swamp:1  | Identified the ring "Cadock" {Wiz MR+} (You found it on level 1 of the Swamp)
 30906 | Lair:4   | Found a hole to the Spider Nest.
 31654 | Lair:4   | Found a runed door.
 31738 | Lair:3   | Reached XP level 16. HP: 63/142 MP: 16/29
 32197 | Lair:4   | Got an ancient tin ring
 32202 | Lair:4   | Identified the ring "Faxusoh" {rPois rN+} (You found it on level 4 of the Lair of Beasts)
 32465 | Lair:2   | Identified a scroll of acquirement
 32576 | Elf:1    | Entered Level 1 of the Elven Halls
 33723 | Lair:5   | Found an opulent altar of Gozag.
 34087 | Elf:1    | Noticed Aizul
 34109 | Elf:1    | Killed Aizul
 34400 | Spider:1 | Entered Level 1 of the Spider Nest
 35065 | Lair:4   | Reached skill level 17 in Axes
 35722 | Elf:1    | Reached skill level 18 in Axes
 35838 | Elf:1    | Identified Vodicu's Tome of Confrontation
 35885 | Elf:1    | Learned a level 3 spell: Dazzling Spray
 35898 | Elf:1    | Noticed Agnes
 35923 | Elf:1    | Killed Agnes
 36459 | Swamp:1  | Noticed a thorn hunter
 36472 | Swamp:1  | Killed a thorn hunter
 37667 | Swamp:2  | Reached skill level 19 in Axes
 38219 | Swamp:2  | Reached XP level 17. HP: 119/148 MP: 0/30
 39146 | Elf:2    | Found a radiant altar of Vehumet.
 39502 | Elf:2    | Reached skill level 20 in Axes
 39567 | Elf:2    | Found a runed gate.
 39567 | Elf:2    | Found a runed gate.
 39567 | Elf:2    | Found a runed gate.
 40953 | Spider:2 | Reached skill level 10 in Armour
 42931 | Spider:4 | Entered Level 4 of the Spider Nest
 43202 | Spider:4 | Reached skill level 10 in Fighting
 43313 | Spider:4 | Gained mutation: You passively map a large area around you. [Deep Dwarf growth]
 43313 | Spider:4 | Reached XP level 18. HP: 160/160 MP: 31/31
 43431 | Spider:4 | Learned a level 2 spell: Swiftness
 43919 | Spider:4 | Reached skill level 21 in Axes
 44062 | Spider:4 | Noticed Kirke
 44082 | Spider:4 | Killed Kirke
 44396 | Spider:4 | Mangled by a spark wasp

Skill      XL: |  1  2  3  4  5  6  7  8  9 10 11 12 13 14 15 16 17 18 |
---------------+-------------------------------------------------------+-----
Spellcasting   | 2 3 4 6 7 9 |  9.2
Necromancy     | 6 8 9 13 14 | 14.5
Fighting       | 2 5 6 8 10 | 10.0
Armour         | 4 7 8 9 11 | 11.1
Evocations     | 5 8 |  8.9
Maces & Flails | 4 |  4.5
Axes           | 1 4 6 7 11 15 16 19 20 21 | 21.4
Conjurations   | 2 3 |  3.3
Fire Magic     | 2 3 |  3.1
Dodging        | 7 8 9 |  9.8
Hexes          | 2 |  2.1
Translocations | 2 |  2.6
Poison Magic   | 1 2 |  2.4
Charms         | 1 2 |  2.2
Air Magic      | 1 2 |  2.2
Stealth        | |  2.4

Action                   |  1- 3 |  4- 6 |  7- 9 | 10-12 | 13-15 | 16-18 || total
-------------------------+-------+-------+-------+-------+-------+-------++-------
Melee: Dagger            |    11 |    68 |    29 |       |       |       ||   108
       Short sword       |       |       |   196 |       |       |       ||   196
       Whip              |       |       |    54 |    13 |       |       ||    67
       Spear             |       |       |    10 |       |       |       ||    10
       War axe           |       |       |    36 |   289 |  1678 |    67 ||  2070
       Mace              |       |       |       |   434 |       |       ||   434
       Hand axe          |       |       |       |       |   223 |       ||   223
       Executioner's axe |       |       |       |       |       |  1071 ||  1071
 Fire: Blowgun           |       |       |       |       |     6 |       ||     6
Throw: Javelin           |       |       |    21 |     8 |       |       ||    29
       Throwing net      |       |       |       |       |     2 |       ||     2
 Cast: Pain              |    32 |    42 |   108 |    48 |     8 |     6 ||   244
       Vampiric Draining |       |    23 |    67 |   260 |   250 |   170 ||   770
       Conjure Flame     |       |       |       |    32 |   122 |    33 ||   187
       Flame Tongue      |       |       |       |    14 |   167 |       ||   181
       Spectral Weapon   |       |       |       |       |     2 |     3 ||     5
       Inner Flame       |       |       |       |       |     1 |       ||     1
       Mephitic Cloud    |       |       |       |       |     4 |    80 ||    84
       Blink             |       |       |       |       |       |     9 ||     9
Invok: Call Merchant     |       |       |     1 |     2 |     4 |     1 ||     8
 Abil: Evoke Berserk Rag |       |       |     1 |       |     1 |     2 ||     4
Evoke: Wand              |       |       |    17 |    64 |    29 |    21 ||   131
       Lightning rod     |       |       |       |       |     4 |     4 ||     8
       Lamp of fire      |       |       |       |       |       |     2 ||     2
       Phial of floods   |       |       |       |       |       |     1 ||     1
       Box of beasts     |       |       |       |       |       |     1 ||     1
  Use: Scroll            |       |       |    13 |    13 |    23 |    13 ||    62
       Potion            |       |       |       |       |     2 |     5 ||     7
 Stab: Sleeping          |     1 |       |       |       |     5 |       ||     6
       Confused          |       |       |     2 |     1 |     5 |    58 ||    66
       Paralysed         |       |       |    16 |    17 |       |     7 ||    40
       Distracted        |       |       |       |       |    12 |    18 ||    30
       Held in net/web   |       |       |       |       |     6 |       ||     6
       Petrified         |       |       |       |       |       |     8 ||     8
  Eat: Chunk             |       |     8 |       |     3 |       |       ||    11
       Fruit             |       |       |     6 |    16 |     8 |     4 ||    34
       Royal jelly       |       |       |     2 |    11 |     5 |     3 ||    21
       Bread ration      |       |       |     3 |       |     4 |     6 ||    13
       Meat ration       |       |       |       |       |     6 |     2 ||     8
Armor: Leather armour    |     4 |    27 |     9 |       |       |       ||    40
       Ice dragon scales |       |       |   235 |   282 |    26 |   217 ||   760
       Scale mail        |       |       |     5 |    40 |       |       ||    45
       Fire dragon scale |       |       |       |    91 |   631 |   504 ||  1226
       Chain mail        |       |       |       |    30 |   111 |       ||   141
       Plate armour      |       |       |       |       |   211 |    85 ||   296
Dodge: Dodged            |     7 |    96 |   251 |   488 |  1584 |  1311 ||  3737
